 Dungeon Crawl Stone Soup version 0.20-a0-556-g892c87b (webtiles) character file.

235 Alarkh the Grave Robber (level 5, -1/35 HPs)
             Began as a Mummy Necromancer on Feb 4, 2017.
             Slain by a bullfrog (6 damage)
             ... in a sewer.
             The game lasted 00:03:48 (2872 turns).

Alarkh the Grave Robber (Mummy Necromancer)         Turns: 2872, Time: 00:03:49

Health: -1/35      AC:  2    Str: 12    XL:     5   Next: 76%
Magic:  2/12       EV: 12    Int: 15    God:
Gold:   210        SH:  0    Dex: 12    Spells: 2/14 levels left

rFire    x . .     SeeInvis .   c - +0 short sword
rCold    + . .     Gourm    .   a - +0 robe
rNeg     + + +     Faith    .   (no shield)
rPois    ∞         Spirit   .   (no helmet)
rElec    .         Reflect  .   (no cloak)
rCorr    .         Harm     .   (no gloves)
MR       .....                  (no boots)
Stlth    ++........             (no amulet)
Regen    0.2/turn               (no ring)
                                (no ring)

@: no status effects
A: no food or potions, fire vulnerability, cold resistance 1, negative energy
resistance 3, torment resistance, unbreathing
a: no special abilities


You were in a sewer.
You were not hungry.

You visited 1 branch of the dungeon, and saw 3 of its levels.
You also visited: Sewer.

You collected 210 gold pieces.

Inventory:

Hand Weapons
 c - a +0 short sword (weapon)
Armour
 a - a +0 robe (worn)
Scrolls
 d - a scroll of remove curse
 e - a scroll of immolation {unknown}
 f - a scroll of recharging
 g - a scroll of identify {unknown}
Books
 b - a book of Necromancy

   Spells                             Type                      Level
   a - Pain                           Necromancy                   1
   b - Animate Skeleton               Necromancy                   1
   c - Vampiric Draining              Necromancy                   3
   d - Regeneration                   Charms/Necromancy            3
   e - Animate Dead                   Necromancy                   4
   f - Control Undead                 Necromancy                   4


   Skills:
 - Level 1.5 Dodging
 - Level 1.5 Stealth
 + Level 5.4 Spellcasting
 + Level 5.8 Necromancy


You had 2 spell levels left.
You knew the following spells:

 Your Spells              Type           Power        Failure   Level  Hunger
a - Pain                  Necr           ###.         1%          1    N/A
c - Control Undead        Necr           ###.......   17%         4    N/A
d - Animate Dead          Necr           N/A          17%         4    N/A
e - Vampiric Draining     Necr           ###.......   4%          3    N/A

Dungeon Overview and Level Annotations

Branches:
Dungeon (3/15)

Altars:
Vehumet
Yredelemnul


Innate Abilities, Weirdness & Mutations

You do not eat or drink.
Your flesh is vulnerable to fire.
You are immune to poison.
Your flesh is cold resistant. (rC+)
You are immune to negative energy. (rN+++)
You are immune to unholy pain and torment.
You can survive without breathing.


Message History

Casting: Pain
Confirm with . or Enter, or press ? or * to list all spells.
Aiming: Pain
Press: ? - help, Shift-Dir - straight line, f/p - bullfrog
Aim: a bullfrog (heavily wounded, chance to defeat MR: 80%)
The bullfrog barely resists.
The bullfrog misses you. x2
Casting: Pain
Confirm with . or Enter, or press ? or * to list all spells.
Aiming: Pain
Press: ? - help, Shift-Dir - straight line, f/p - bullfrog
Aim: a bullfrog (heavily wounded, chance to defeat MR: 80%)
The bullfrog writhes in agony!
The bullfrog hits you.
* * * LOW HITPOINT WARNING * * *
Casting: Pain
Confirm with . or Enter, or press ? or * to list all spells.
Aiming: Pain
Press: ? - help, Shift-Dir - straight line, f/p - bullfrog
Aim: a bullfrog (severely wounded, chance to defeat MR: 80%)
The bullfrog writhes in agony!
The bullfrog hits you.
You die...

#≈# ##≈≈≈≈≈≈≈≈≈.≈≈≈.#
#≈# #≈≈≈≈≈≈≈≈≈≈≈≈≈≈.#
#≈# ##≈≈≈≈≈≈≈≈≈≈≈≈≈≈.#
#≈# #≈≈≈.≈≈≈≈≈≈≈≈≈≈≈.#
#.# #≈≈∩.≈≈≈.≈≈≈≈≈≈≈.#
#≈# #≈≈≈....≈≈≈≈≈≈≈≈.#
#.# #≈≈≈≈..≈≈≈.≈≈≈≈≈≈.#
#.# #≈≈≈≈≈≈≈≈≈≈≈≈≈≈≈≈.#
### #.#
#≈≈≈≈≈.F@≈≈≈≈≈≈≈≈.# #.#
#.# ≈≈≈≈.$$?≈≈≈≈≈≈≈≈.#
#∩# #.#
≈≈≈≈≈.[≈≈≈≈≈≈≈≈≈.# #.#
#.# ≈≈≈≈≈≈.≈≈≈≈≈.≈≈≈.#
#∩# #.#
#≈≈≈≈≈≈≈≈≈≈≈.≈≈≈.# #.#
#.# #≈≈≈≈≈≈≈≈≈≈≈.≈≈≈.#
#.# #.#
#≈≈≈≈≈≈≈≈≈≈≈.≈≈≈.###≈##
#.#
##≈≈≈≈≈≈≈≈≈#.≈≈≈.##...#
#.# ≈≈≈≈≈≈≈#.≈≈≈.##≈≈≈#


You could see a bullfrog.

Vanquished Creatures
  A bullfrog (Sewer)
  6 adders
  3 oozes (D:2)
  4 worms
  2 dart slugs (D:1)
  2 leopard geckos
  2 orcs (D:3)
  7 bats
  10 giant cockroaches
  7 hobgoblins
  10 kobolds
  2 ball pythons (Sewer)
  7 frilled lizards
  12 goblins
  11 rats
86 creatures vanquished.

Vanquished Creatures (others)
  A goblin (D:1)
  A rat (D:1)
2 creatures vanquished.

Grand Total: 88 creatures vanquished

Notes
Turn   | Place    | Note
-------+----------+-------------------------------------------
     0 | D:1      | Alarkh the Mummy Necromancer began the quest for the Orb.
     0 | D:1      | Reached XP level 1. HP: 13/13 MP: 4/4
   506 | D:1      | Reached XP level 2. HP: 19/19 MP: 3/6
   795 | D:1      | Reached XP level 3. HP: 23/24 MP: 1/8
  1404 | D:2      | Found a basalt altar of Yredelemnul.
  1519 | D:2      | Reached XP level 4. HP: 7/30 MP: 0/10
  1765 | D:2      | Reached skill level 5 in Necromancy
  1925 | D:2      | Found a radiant altar of Vehumet.
  2061 | D:2      | Learned a level 3 spell: Vampiric Draining
  2066 | D:2      | Learned a level 4 spell: Control Undead
  2071 | D:2      | Learned a level 4 spell: Animate Dead
  2426 | D:3      | Reached XP level 5. HP: 31/35 MP: 2/12
  2519 | D:3      | Found a glowing drain.
  2552 | Sewer    | Entered a sewer
  2680 | Sewer    | Reached skill level 5 in Spellcasting
  2872 | Sewer    | Slain by a bullfrog

Vault maps used:
D:1:      dpeg_arrival_brainrot, roderic_whirl, lemuel_old_faithful
D:2:      kennysheep_the_goblin_king, vehumet_crystals,
          yredelemnul_altar_generic
D:3:      portal_sewer_entry_d, minmay_rat_hole
Sewer:    sewer_frog_island_01

Skill      XL: |  1  2  3  4  5 |
---------------+----------------+-----
Spellcasting   | 3 4 5 |  5.4
Necromancy     | 5 |  5.8
Dodging        | |  1.5
Stealth        | |  1.5

Action                   |  1- 3 |  4- 6 || total
-------------------------+-------+-------++-------
Melee: Unarmed           |    15 |       ||    15
       Short sword       |    20 |    45 ||    65
 Cast: Pain              |    68 |    96 ||   164
  Use: Scroll            |       |     2 ||     2
 Stab: Sleeping          |       |     2 ||     2
Armor: Robe              |     8 |    20 ||    28
Dodge: Dodged            |    34 |    65 ||    99
